 Dungeon Crawl Stone Soup version 0.20.1-1-g8b1a95d (webtiles) character file.

670 paracorn the Magician (level 7, -1/36 HPs)
             Began as a Gargoyle Ice Elementalist on Aug 21, 2017.
             Was an Initiate of Gozag.
             Slain by a sky beast (2 damage)
             ... on level 5 of the Dungeon.
             The game lasted 00:41:08 (5200 turns).

paracorn the Magician (Gargoyle Ice Elementalist)   Turns: 5200, Time: 00:41:10

Health: -1/36      AC:  9    Str: 11    XL:     7   Next: 58%
Magic:  8/15       EV: 12    Int: 18    God:    Gozag
Gold:   253        SH:  0    Dex: 10    Spells: 10/17 levels left

rFire    . . .     SeeInvis .   u - +2 dagger (venom)
rCold    . . .     Gourm    .   (no shield)
rNeg     + . .     Faith    .   a - +0 robe
rPois    ∞         Spirit   .   i - +2 hat
rElec    +         Reflect  .   (no cloak)
rCorr    .         Harm     .   v - +0 pair of gloves
MR       .....                  (no boots)
Stlth    ++........             (no amulet)
Regen    0.2/turn               (no ring)
MPRegen  0.2/turn               (no ring)

@: no status effects
A: negative energy resistance 1, electricity resistance, unbreathing,
petrification resistance, rot immunity, AC +4
a: Potion Petition, Call Merchant, Bribe Branch, Renounce Religion


You were on level 5 of the Dungeon.
You worshipped Gozag.
Gozag was aware of your devotion.
You were not hungry.

You visited 2 branches of the dungeon, and saw 6 of its levels.

You collected 323 gold pieces.
You paid 70 gold pieces to Gozag.

Inventory:

Hand Weapons
 u - a +2 dagger of venom (weapon)
Armour
 a - a +0 robe (worn)
 i - a +2 hat (worn)
 v - a +0 pair of gloves (worn)
Jewellery
 y - an uncursed ring of fire {unknown}
Wands
 w - a wand of flame (36/48)
Scrolls
 e - 6 scrolls of identify {unknown}
 h - a scroll of enchant weapon {unknown}
 j - 6 scrolls of remove curse {unknown}
 l - a scroll of fear {unknown}
 n - a scroll of fog {unknown}
 o - 2 scrolls of teleportation {unknown}
 p - a scroll of immolation {unknown}
 s - a scroll of enchant armour {unknown}
 t - a scroll of magic mapping {unknown}
 x - a scroll of recharging {unknown}
Potions
 d - 2 potions of flight {unknown}
 f - 2 potions of ambrosia {unknown}
 k - 3 potions of degeneration {unknown}
 m - 3 potions of cancellation {unknown}
 q - 4 potions of curing {unknown}
 r - a potion of mutation {unknown}
 z - a potion of might {unknown}
 A - a potion of haste {unknown}
Books
 b - a book of Frost

   Spells                             Type                      Level
   a - Freeze                         Ice                          1
   b - Throw Frost                    Conjuration/Ice              2
   c - Ozocubu's Armour               Charms/Ice                   3
   d - Throw Icicle                   Conjuration/Ice              4
   e - Summon Ice Beast               Ice/Summoning                4
Comestibles
 c - 3 bread rations
 g - 2 meat rations


   Skills:
 - Level 1.5 Dodging
 - Level 2.1 Stealth
 * Level 5.6 Spellcasting
 - Level 1.1 Conjurations
 + Level 2.8 Summonings
 + Level 5.2 Ice Magic


You had 10 spell levels left.
You knew the following spells:

 Your Spells              Type           Power        Failure   Level  Hunger
a - Freeze                Ice            ###.         1%          1    None
b - Throw Frost           Conj/Ice       ###...       4%          2    None
c - Summon Ice Beast      Ice/Summ       ###.....     24%         4    ####...


Dungeon Overview and Level Annotations

Branches:
Dungeon (5/15)             Temple (1/1) D:4

Altars:
Ashenzari
Cheibriados
Dithmenos
Elyvilon
Fedhas
Gozag
Hepliaklqana
Kikubaaqudgha
Makhleb
Nemelex Xobeh
Okawaru
Qazlal
Ru
Sif Muna
Trog
Uskayaw
Vehumet
Xom
Yredelemnul
Zin
The Shining One


Innate Abilities, Weirdness & Mutations

You are resistant to torment.
Your stone body is resilient. (AC +4)
You are immune to poison.
You resist negative energy. (rN+)
You are resistant to electric shocks. (rElec)
You can survive without breathing.
You are immune to petrification.
You are immune to rotting.


Message History

* * * LOW HITPOINT WARNING * * *
Something shocks you. You resist.
* * * LOW HITPOINT WARNING * * *
The giant cockroach closely misses you.
A sky beast appears from thin air!
Reactivating autopickup.
The sky beast closely misses you. The giant cockroach closely misses you.
The sky beast barely misses you.
The giant cockroach bites you but does no damage.
The giant cockroach barely misses you. The sky beast hits you.
* * * LOW HITPOINT WARNING * * *
The sky beast shocks you. You resist.
* * * LOW HITPOINT WARNING * * *
The giant cockroach barely misses you.
The sky beast flickers out of sight!
Deactivating autopickup; reactivate with Ctrl-A.
Something hits you.
* * * LOW HITPOINT WARNING * * *
Something shocks you. You resist.
You die...
Your body crumbles into a pile of gold.

##.a.. .......
#......# #..$....
#......# #.......
##......###.......
#.................
#...............>.
#...........#
#..........{#
#..........@#
#....####...s......
#....# #.....$....
#....# #..........
#....# #..........
#....# #..........
#....# #..........
##...####..........
#.........


You could see a giant cockroach.

Vanquished Creatures
  A sky beast (D:5)
  A phantom (D:4)
  2 scorpions (D:5)
  An orc priest (D:3)
  Natasha (twice) (D:2)
  Terence (D:2)
  An iguana (D:4)
  Robin (D:3)
  An adder (D:4)
  2 worms
  A dart slug (D:3)
  A leopard gecko (D:1)
  7 orcs (D:3)
  6 giant cockroaches
  17 goblins
  11 hobgoblins
  5 jackals
  2 kobolds
  4 quokkas
  2 ball pythons
  6 bats
  2 frilled lizards
  6 rats
83 creatures vanquished.

Vanquished Creatures (collateral kills)
  Grinder (D:5)
  A water moccasin zombie (D:5)
  A leopard gecko (D:4)
  A frilled lizard (D:4)
4 creatures vanquished.

Grand Total: 87 creatures vanquished

Notes
Turn   | Place    | Note
-------+----------+-------------------------------------------
     0 | D:1      | paracorn the Gargoyle Ice Elementalist began the quest for the Orb.
     0 | D:1      | Reached XP level 1. HP: 10/10 MP: 3/3
   300 | D:1      | Reached XP level 2. HP: 15/15 MP: 0/5
   836 | D:1      | Reached XP level 3. HP: 17/19 MP: 5/7
   865 | D:1      | Learned a level 2 spell: Throw Frost
   866 | D:1      | You fall through a shaft!
   934 | D:2      | Noticed Terence
  1328 | D:2      | Noticed Natasha
  1676 | D:2      | Killed Terence
  1768 | D:2      | Killed Natasha
  1768 | D:2      | Reached XP level 4. HP: 9/24 MP: 2/9
  1911 | D:2      | Noticed Natasha
  1920 | D:2      | Killed Natasha
  2464 | D:3      | Noticed an ice beast
  2472 | D:2      | Learned a level 4 spell: Summon Ice Beast
  2737 | D:3      | Reached XP level 5. HP: 28/28 MP: 8/10
  2738 | D:3      | Found a stormy altar of Qazlal.
  3253 | D:3      | Noticed Robin
  3290 | D:2      | Reached skill level 1 in Summonings
  3659 | D:3      | Killed Robin
  3764 | D:3      | Found a snail-covered altar of Cheibriados.
  3786 | D:3      | Found a basalt altar of Yredelemnul.
  3978 | D:4      | Noticed a phantom
  3986 | D:4      | Found a radiant altar of Vehumet.
  4083 | D:4      | Found a staircase to the Ecumenical Temple.
  4345 | D:4      | Killed a phantom
  4345 | D:4      | Reached XP level 6. HP: 19/32 MP: 1/12
  4392 | Temple   | Entered the Ecumenical Temple
  4517 | Temple   | Became a worshipper of Gozag Ym Sagoz the Greedy
  4551 | D:4      | Found a glowing silver altar of Zin.
  4866 | D:5      | Entered Level 5 of the Dungeon
  4885 | D:5      | Noticed Grinder
  5069 | D:5      | Paralysed by Grinder for 7 turns
  5074 | D:5      | Killed Grinder
  5074 | D:5      | Reached skill level 5 in Spellcasting
  5074 | D:5      | Reached skill level 5 in Ice Magic
  5074 | D:5      | Reached XP level 7. HP: 22/36 MP: 5/14
  5200 | D:5      | HP: 1/36 [something (2)]
  5200 | D:5      | Slain by a sky beast

Skill      XL: |  1  2  3  4  5  6 |
---------------+-------------------+-----
Spellcasting   | 3 4 5 |  5.6
Ice Magic      | 4 5 |  5.2
Summonings     | 1 2 |  2.8
Dodging        | |  1.5
Stealth        | |  2.1
Conjurations   | |  1.1

Action                   |  1- 3 |  4- 6 |  7- 9 || total
-------------------------+-------+-------+-------++-------
Melee: Unarmed           |     6 |     3 |       ||     9
       Dagger            |       |   102 |     5 ||   107
 Cast: Freeze            |    39 |    81 |     7 ||   127
       Throw Frost       |     5 |    15 |       ||    20
       Summon Ice Beast  |       |     7 |     1 ||     8
  Eat: Chunk             |     1 |     7 |       ||     8
       Bread ration      |     1 |       |       ||     1
       Meat ration       |       |     1 |       ||     1
Armor: Robe              |    12 |    51 |    46 ||   109
Dodge: Dodged            |    20 |    80 |    46 ||   146
